 Dungeon Crawl Stone Soup version 0.29-a0-813-g4a14ea37d6 (webtiles) character file.

Game seed: 1205592550514116311

154 polve the Trooper (level 5, 0/43 HPs)
             Began as a Demonspawn Fighter on July 4, 2022.
             Slain by a water moccasin skeleton (1 damage)
             ... on level 3 of the Dungeon.
             The game lasted 00:02:09 (2616 turns).

polve the Trooper (Demonspawn Fighter)              Turns: 2616, Time: 00:02:09

Health: 0/43       AC:  8    Str: 18    XL:     5   Next: 13%
Magic:  5/5        EV:  6    Int: 10    God:
Gold:   80         SH:  4    Dex: 12    Spells: 4/4 levels left

rFire   . . .      SeeInvis .   a - +0 trident
rCold   . . .      Faith    .   c - +0 buckler
rNeg    . . .      Spirit   .   g - +0 chain mail
rPois   .          Reflect  .   (no helmet)
rElec   .          Harm     .   (no cloak)
rCorr   .          Rampage  .   (no gloves)
Will    .....                   (no boots)
Stlth   ..........              (no amulet)
HPRegen 0.14/turn               (no ring)
MPRegen 0.09/turn               (no ring)

@: mighty
A: demonic guardian 2, spiny 1
a: no special abilities


You were on level 3 of the Dungeon.
You visited 1 branch of the dungeon, and saw 3 of its levels.

You collected 80 gold pieces.

Inventory:

Hand Weapons
 a - a +0 trident (weapon)
Missiles
 o - a throwing net (quivered)
Armour
 c - a +0 buckler (worn)
 g - a +0 chain mail (worn)
 i - a +0 helmet
Jewellery
 h - a ring of poison resistance
Scrolls
 e - 2 scrolls of teleportation {unknown}
 j - a scroll of magic mapping {unknown}
 k - a scroll of noise {unknown}
 n - a scroll of identify {unknown}
Potions
 b - a potion of flight {unknown}
 d - a potion of might
 f - 3 potions of curing {unknown}
 l - a potion of invisibility {unknown}
 m - a potion of ambrosia {unknown}
 p - a potion of magic {unknown}


   Skills:
 + Level 4.6 Fighting
 + Level 3.6 Polearms
 - Level 2.6 Armour
 - Level 2.6 Shields


You had 4 spell levels left.
You didn't know any spells.
Your spell library was empty.

Dungeon Overview and Level Annotations

Branches:
Dungeon (3/15)

Altars:
Dithmenos

Shops:
D:3 (

Annotations:
D:3 1 transporter, Azuvok's ghost, amateur FoAK


Innate Abilities, Weirdness & Mutations

A demonic guardian rushes to your aid.
You are partially covered in sharp spines.


Message History

The water moccasin skeleton bites you.
You hit Azuvok's ghost.
Azuvok's ghost is lightly damaged.
The water moccasin skeleton bites you. You block Azuvok's ghost's attack.
The howler monkey zombie hits you but does no damage.
You puncture Azuvok's ghost!
Azuvok's ghost is moderately damaged.
The water moccasin skeleton bites you but does no damage.
Azuvok's ghost hits you but does no damage.
You block the howler monkey zombie's attack.
You puncture Azuvok's ghost!
Azuvok's ghost is severely damaged.
The water moccasin skeleton is struck by your spines.
The water moccasin skeleton closely misses you.
Azuvok's ghost whispers, "Everlasting silence awaits you..."
Azuvok's ghost hits you.
The howler monkey zombie hits you but does no damage.
The water moccasin skeleton is struck by your spines.
The water moccasin skeleton bites you but does no damage.
You hit Azuvok's ghost.
Azuvok's ghost is severely damaged.
Azuvok's ghost is struck by your spines.
Azuvok's ghost hits you.
* * * LOW HITPOINT WARNING * * *
The howler monkey zombie is struck by your spines.
The howler monkey zombie hits you.
* * * LOW HITPOINT WARNING * * *
The water moccasin skeleton is struck by your spines.
The water moccasin skeleton bites you but does no damage.
You barely miss Azuvok's ghost.
Azuvok's ghost is severely damaged.
The water moccasin skeleton is struck by your spines.
The water moccasin skeleton bites you but does no damage.
Azuvok's ghost hits you!
* * * LOW HITPOINT WARNING * * *
A demonic guardian appears!
The howler monkey zombie is struck by your spines.
You destroy the howler monkey zombie!
The water moccasin skeleton bites you.
You die...

.#..........................# #..
....†##.....)...............# ##.
.....###..#############.....# ###
.###.###..#...........#.....###..
####......#...........#)....##..#
.....###..#..###.###..#.....##.##
..........#..#8#.#8#..#..####..#
....#.....#....Z.....:#..###..##
.........©#.....@4...(#©.#^....##
..........#.....W....$#....#.#.##
..........#..#8#.#8#..#........##
..........#..###.###$.#....#.#.##
..........#.....(.....#........##
.#........#©..........#..........
..#.......#############.....#####
..#.........................# #
..........................#######


You could see Azuvok's ghost (ally target), a water moccasin skeleton and a
friendly hellwing (summoned).

Vanquished Creatures
  A killer bee zombie (D:3)
  A howler monkey zombie (D:3)
  2 gnolls
  2 adders
  3 worms
  2 dart slugs
  3 bats
  7 endoplasms
  6 goblins
  5 hobgoblins
  3 jackals (D:1)
  8 kobolds
  3 quokkas (D:1)
  6 ball pythons
  4 frilled lizards
  8 rats
64 creatures vanquished.

Vanquished Creatures (collateral kills)
  2 gnolls (D:3)
2 creatures vanquished.

Grand Total: 66 creatures vanquished

Notes
Turn   | Place    | Note
-------+----------+-------------------------------------------
     0 | D:1      | polve the Demonspawn Fighter began the quest for the Orb.
     0 | D:1      | Reached XP level 1. HP: 18/18 MP: 1/1
    34 | D:1      | Gained mutation: You are partially covered in sharp spines.
                  | [demonic ancestry]
    34 | D:1      | Reached XP level 2. HP: 19/24 MP: 2/2
   521 | D:1      | Gained mutation: A weak demonic guardian rushes to your
                  | aid. [demonic ancestry]
   521 | D:1      | Reached XP level 3. HP: 26/29 MP: 3/3
  1388 | D:2      | Found a shadowy altar of Dithmenos.
  1397 | D:2      | Reached skill level 4 in Fighting
  1561 | D:2      | Gained mutation: A demonic guardian rushes to your aid.
                  | [demonic ancestry]
  1561 | D:2      | Reached XP level 4. HP: 36/37 MP: 4/4
  1827 | D:3      | Found a transporter.
  1831 | D:3      | Found a transporter.
  1831 | D:3      | Noticed Azuvok's ghost (amateur FoAK)
  2073 | D:3      | Found Neogots's Antique Weapon Emporium.
  2609 | D:3      | Reached XP level 5. HP: 33/43 MP: 5/5
  2616 | D:3      | HP: 1/43 [Azuvok's ghost (9)]
  2616 | D:3      | Slain by a water moccasin skeleton

Illustrated notes

Levels and vault maps discovered:
D:1:      amcnicky_arrival_feature_with_door, layout_rooms, serial_bayou_pond_b,
          dreamdust_mushroom_princess
D:2:      layout_basic, basic_altar
D:3:      layout_rooms, gammafunk_ghost_mausoleum, serial_shops, shop,
          serial_glass, glass_columns_a, glass_columns_c, glass_columns_b,
          glass_columns_c, glass_columns_b, glass_columns_c, glass_columns_c,
          glass_columns_b, feat_on_display, minmay_strange_pillars,
          feat_on_display, feat_on_display

Skill      XL: |  1  2  3 |
---------------+----------+-----
Polearms       | 2 3 |  3.6
Fighting       | 4 |  4.6
Armour         | |  2.6
Shields        | |  2.6

Action                   |  1- 3 |  4- 6 || total
-------------------------+-------+-------++-------
Melee: Trident           |   101 |    57 ||   158
  Use: Potion            |       |     1 ||     1
Armor: Scale mail        |    11 |       ||    11
       Chain mail        |    16 |    31 ||    47
Dodge: Dodged            |    13 |     9 ||    22
Block: Buckler           |    13 |    14 ||    27

Table legend: (Time is in decaauts)
 A = Elapsed time spent in this place.
 B = Non-inter-level travel time spent in this place.
 C = Inter-level travel time spent in this place.
 D = Time resting spent in this place.
 E = Time spent auto-exploring this place.
 F = Levels seen in this place.
 G = Mean time per level.
                   A        B        C        D        E       F      G
               +--------+--------+--------+--------+--------+-----+--------+
         Total |   2654 |   2557 |     97 |      0 |   2165 |   3 |  884.7 |
       Dungeon |   2654 |   2557 |     97 |      0 |   2165 |   3 |  884.7 |
               +--------+--------+--------+--------+--------+-----+--------+

Top non-repeatable levels by time:
     D:2: 1028 daAuts
     D:3: 816 daAuts
     D:1: 809 daAuts
